 Dungeon Crawl Stone Soup version 0.27.0-1-g7a089689b8 (webtiles) character file.

Game seed: 7118747853211535560

69 horus123 the Shield-Bearer (level 4, -1/32 (35) HPs)
             Began as a Human Fighter on Aug 8, 2021.
             Slain by a gnoll (7 damage)
             ... on level 3 of the Dungeon.
             The game lasted 00:03:58 (1965 turns).

horus123 the Shield-Bearer (Human Fighter)          Turns: 1965, Time: 00:03:59

HP:   -1/32 (35)    AC:  6    Str: 18    XL:     4   Next: 42%
MP:   4/4           EV:  7    Int:  8    God:
Gold: 109           SH: 10    Dex: 12    Spells: 3/3 levels left

rFire    . . .     SeeInvis .   a - +0 long sword
rCold    . . .     Faith    .   c - +1 kite shield
rNeg     . . .     Spirit   .   b - +0 scale mail
rPois    .         Reflect  .   (no helmet)
rElec    .         Harm     .   (no cloak)
rCorr    .         Rampage  .   (no gloves)
Will     .....                  (no boots)
Stlth    ..........             (no amulet)
HPRegen  0.10/turn              (no ring)
MPRegen  0.09/turn              (no ring)

@: mighty, drained
A: no striking features
a: no special abilities


You were on level 3 of the Dungeon.
You visited 1 branch of the dungeon, and saw 3 of its levels.

You collected 109 gold pieces.

Inventory:

Hand Weapons
 a - a +0 long sword (weapon)
 l - a +0 arbalest
Missiles
 o - 47 bolts
Armour
 b - a +0 scale mail (worn)
 c - a +1 kite shield (worn)
Scrolls
 h - a scroll of vulnerability {unknown}
 i - 2 scrolls of identify {unknown}
 k - 2 scrolls of teleportation {unknown}
 n - a scroll of enchant armour
Potions
 e - a potion of attraction {unknown}
 f - a potion of curing {unknown}
 g - a potion of degeneration {unknown}
 j - a potion of berserk rage {unknown}
 m - 2 potions of heal wounds {unknown}


   Skills:
 + Level 3.2 Fighting
 + Level 2.7 Long Blades
 + Level 3.5 Armour
 + Level 0.6 Dodging
 + Level 3.7 Shields


You had 3 spell levels left.
You didn't know any spells.
Your spell library contained the following spells:

 Spells                   Type           Power      Damage    Failure   Level
 Conjure Flame            Conj/Fire      0%         6-21      100%        3
 Ignite Poison            Fire/Tmut/Pois 0%         N/A       100%        3
 Sticky Flame             Conj/Fire      0%         2d3       100%        4


Dungeon Overview and Level Annotations

Branches:
Dungeon (3/15)

Altars:


Message History

What level of the Dungeon? (default 1, ? - help)
You see here 16 stones.
There is a stone staircase leading down here.
You climb downwards.
There is a stone staircase leading up here.
No target in view!
No target in view!
You open the door.
There is an open door here.
You open the door. 3 gnolls come into view.
The gnoll shouts! x2
A gnoll comes into view. It is wielding a +0 spear.
There is an open door here.
The gnoll hits you with a +0 spear.
You barely miss the gnoll. The gnoll hits you with a +0 spear.
You block the gnoll's attack.
You barely miss the gnoll.
The gnoll hits you from afar with a +0 spear.
The gnoll hits you with a +0 spear.
You slash the gnoll!
The gnoll is severely wounded.
The gnoll hits you but does no damage.
You hit the gnoll but do no damage. You block the gnoll's attack.
The gnoll hits you with a +0 flail!
You hit the gnoll.
The gnoll is moderately wounded.
You block the gnoll's attack. The gnoll completely misses you.
The gnoll hits you from afar with a +0 spear.
* * * LOW HITPOINT WARNING * * *
There is an open door here.
Found a scroll labelled GUSU RUEZXA.
You feel very mighty all of a sudden. You block the gnoll's attack.
The gnoll barely misses you.
You slash the gnoll!
You kill the gnoll!
The gnoll hits you from afar with a +0 spear.
* * * LOW HITPOINT WARNING * * *
The gnoll hits you with a +0 spear!
You die...

### #<# #.# #.#
#.# #.# #.#
#.#########...?.
#....gg@........
####g##+##+###..
#.....# #.....#
+##'##+
#.g#.....# #..
+###+# #.. +..


You could see 3 gnolls.

Vanquished Creatures
  2 gnolls
  5 ball pythons
  3 endoplasms
  3 giant cockroaches
  3 goblins
  4 hobgoblins
  5 jackals
  4 kobolds
  4 quokkas
  2 bats (D:1)
  2 frilled lizards
  6 rats
43 creatures vanquished.

Vanquished Creatures (others)
  2 plants (D:1)
2 creatures vanquished.

Grand Total: 45 creatures vanquished

Notes
Turn   | Place    | Note
-------+----------+-------------------------------------------
     0 | D:1      | horus123 the Human Fighter began the quest for the Orb.
     0 | D:1      | Reached XP level 1. HP: 18/18 MP: 1/1
   141 | D:1      | Reached XP level 2. HP: 24/24 MP: 2/2
   289 | D:1      | Reached XP level 3. HP: 22/29 MP: 3/3
   671 | D:1      | Found a faded altar of an unknown god.
  1289 | D:2      | Reached XP level 4. HP: 35/35 MP: 4/4
  1965 | D:3      | Slain by a gnoll

Illustrated notes

Levels and vault maps discovered:
D:1:      lemuel_arrival_broad_hall, layout_basic,
          chequers_ecumenical_altar_lobes
D:2:      layout_loops_ring
D:3:      mumra_celtic_spiral_tile, layout_basic, mainiacjoe_overflow_24_doors,
          grunt_gozag_statues, gammafunk_ghost_grave, grunt_ministairs_15,
          grunt_decor_arrowhead, minmay_misc_feat_chi

Action                   |  1- 3 |  4- 6 || total
-------------------------+-------+-------++-------
Melee: Long sword        |   128 |    32 ||   160
  Use: Scroll            |     2 |       ||     2
       Potion            |       |     1 ||     1
Armor: Scale mail        |    72 |    13 ||    85
Dodge: Dodged            |    33 |     4 ||    37
Block: Kite shield       |    81 |    16 ||    97
       Rpst.: Long sword |     8 |       ||     8
